[ PARTIDA AOE2 · #495750188 ]
UnrankedIndostaníes vs Magyars
Equipo del jugador · VICT
Equipo rival · DERR
[ ANÁLISIS DE REPETICIÓN · EXTRAÍDO DE LA PARTIDA GRABADA ]
Feudal
8:26
Castillos
21:31
Imperial
42:48
| APM promedio | 54.2 |
| APM pico | 101 |
| eAPM promedio | 22.4 |
| Aldeanos / militares | 147 / 105 |
Foco
⚔️ 31.9% · 🌾 68.1%
Camel Scout ×74 · Archer ×9 · Scout Cavalry ×7 · Mangonel ×6 · Monk ×5 · Spearman ×3
Feudal
8:26
Castillos
20:30
Imperial
—
| APM promedio | 62.7 |
| APM pico | 122 |
| eAPM promedio | 29.7 |
| Aldeanos / militares | 196 / 85 |
Foco
⚔️ 22.0% · 🌾 78.0%
Monk ×33 · Scout Cavalry ×28 · Mangonel ×15 · Spearman ×5 · Petard ×3 · Scorpion ×1
Mapa de la partida
Recursos iniciales + cada clic de construcción. Líneas = muros · curvas = relieve. ◆ oro · ⬟ piedra · ● bayas · ✦ reliquia · ◌ hueco del cierre
Tu base· Abierta — hueco de 7t
Base de sandyktscss· Abierta — flanco sin cerrar
Terreno inicial suavizado · ◌ = hueco del cierre detectado · pasá el cursor para detalles
Inputs por minuto
— banditbird - - sandyktscss
Build order — banditbird
Primeras 150 de 435 acciones detectadas
| 0:01 | Crear | Villager (Male) |
| 0:01 | Crear | Villager (Male) |
| 0:01 | Crear | Villager (Male) |
| 0:02 | Construir | House |
| 0:04 | Construir | House |
| 0:25 | Crear | Villager (Male) |
| 1:27 | Crear | Villager (Male) |
| 1:27 | Crear | Villager (Male) |
| 2:04 | Crear | Villager (Male) |
| 2:20 | Crear | Villager (Male) |
| 2:21 | Crear | Villager (Male) |
| 2:22 | Construir | Lumber Camp |
| 3:10 | Crear | Villager (Male) |
| 3:11 | Crear | Villager (Male) |
| 3:11 | Crear | Villager (Male) |
| 3:42 | Construir | House |
| 3:58 | Crear | Villager (Male) |
| 3:58 | Crear | Villager (Male) |
| 4:38 | Crear | Villager (Male) |
| 4:40 | Crear | Villager (Male) |
| 4:50 | Construir | Mill |
| 5:37 | Crear | Villager (Male) |
| 6:15 | Investigar | Feudal Age |
| 7:04 | Investigar | Loom |
| 7:36 | Construir | Barracks |
| 7:52 | Construir | House |
| 8:26 | Edad | Edad Feudal |
| 8:38 | Construir | Stable |
| 8:41 | Crear | Villager (Male) |
| 8:41 | Crear | Villager (Male) |
| 8:44 | Investigar | Double-Bit Axe |
| 9:02 | Crear | Spearman |
| 9:17 | Construir | House |
| 9:26 | Crear | Scout Cavalry |
| 9:26 | Crear | Scout Cavalry |
| 9:33 | Crear | Villager (Male) |
| 9:52 | Crear | Villager (Male) |
| 10:09 | Construir | Mill |
| 10:09 | Crear | Villager (Male) |
| 10:23 | Crear | Villager (Male) |
| 10:28 | Construir | House |
| 10:39 | Crear | Scout Cavalry |
| 10:45 | Crear | Spearman |
| 10:59 | Construir | Archery Range |
| 11:09 | Crear | Villager (Male) |
| 11:13 | Construir | House |
| 11:17 | Construir | Palisade Wall |
| 11:31 | Construir | Mining Camp |
| 11:33 | Crear | Villager (Male) |
| 11:35 | Construir | House |
| 11:38 | Construir | Palisade Wall |
| 11:58 | Construir | Palisade Wall |
| 12:06 | Crear | Villager (Male) |
| 12:09 | Construir | Farm |
| 12:12 | Construir | Farm |
| 12:14 | Construir | Farm |
| 12:18 | Construir | Farm |
| 12:19 | Crear | Spearman |
| 12:20 | Crear | Villager (Male) |
| 12:39 | Construir | Farm |
| 12:42 | Construir | Farm |
| 12:42 | Crear | Villager (Male) |
| 13:04 | Crear | Archer |
| 13:04 | Crear | Archer |
| 13:05 | Crear | Villager (Male) |
| 13:10 | Construir | Palisade Gate |
| 13:14 | Construir | House |
| 13:26 | Construir | Palisade Wall |
| 13:29 | Construir | Farm |
| 13:33 | Construir | House |
| 13:34 | Construir | Palisade Wall |
| 13:47 | Crear | Villager (Male) |
| 13:52 | Crear | Archer |
| 14:15 | Crear | Villager (Male) |
| 14:24 | Crear | Archer |
| 14:25 | Crear | Villager (Male) |
| 14:32 | Construir | Blacksmith |
| 14:41 | Crear | Archer |
| 14:44 | Crear | Villager (Male) |
| 14:56 | Construir | Farm |
| 15:06 | Construir | Farm |
| 15:20 | Construir | House |
| 15:26 | Construir | Palisade Wall |
| 15:27 | Construir | Palisade Wall |
| 15:32 | Crear | Villager (Male) |
| 15:35 | Construir | Farm |
| 15:40 | Construir | Farm |
| 15:41 | Construir | Farm |
| 15:43 | Crear | Villager (Male) |
| 15:47 | Investigar | Fletching |
| 16:00 | Crear | Villager (Male) |
| 16:07 | Construir | Farm |
| 16:15 | Crear | Villager (Male) |
| 16:19 | Crear | Archer |
| 16:19 | Crear | Archer |
| 16:38 | Construir | Farm |
| 16:40 | Construir | Farm |
| 17:15 | Crear | Villager (Male) |
| 17:15 | Crear | Villager (Male) |
| 17:26 | Crear | Archer |
| 17:27 | Crear | Villager (Male) |
| 17:31 | Construir | Farm |
| 17:32 | Construir | Farm |
| 17:59 | Crear | Archer |
| 18:07 | Crear | Villager (Male) |
| 18:51 | Investigar | Castle Age |
| 19:38 | Investigar | Horse Collar |
| 20:00 | Investigar | Bloodlines |
| 20:02 | Investigar | Scale Barding Armor |
| 20:31 | Construir | Stable |
| 20:59 | Crear | Villager (Male) |
| 20:59 | Crear | Villager (Male) |
| 21:28 | Construir | Farm |
| 21:30 | Construir | Farm |
| 21:31 | Edad | Edad de los Castillos |
| 21:34 | Crear | Camel Scout |
| 21:34 | Crear | Camel Scout |
| 21:35 | Crear | Camel Scout |
| 21:35 | Crear | Camel Scout |
| 21:36 | Crear | Camel Scout |
| 21:49 | Construir | Monastery |
| 21:52 | Investigar | Gold Mining |
| 21:57 | Construir | Palisade Wall |
| 22:00 | Construir | House |
| 22:00 | Construir | House |
| 22:01 | Investigar | Bow Saw |
| 22:02 | Crear | Villager (Male) |
| 22:04 | Crear | Camel Scout |
| 22:25 | Crear | Villager (Male) |
| 22:28 | Construir | House |
| 22:29 | Construir | House |
| 22:49 | Crear | Camel Scout |
| 22:49 | Crear | Camel Scout |
| 22:50 | Crear | Villager (Male) |
| 22:50 | Crear | Villager (Male) |
| 23:19 | Crear | Villager (Male) |
| 23:20 | Crear | Villager (Male) |
| 23:20 | Crear | Camel Scout |
| 23:20 | Crear | Camel Scout |
| 23:21 | Crear | Camel Scout |
| 23:48 | Crear | Villager (Male) |
| 23:48 | Crear | Villager (Male) |
| 24:00 | Construir | Siege Workshop |
| 24:02 | Crear | Monk |
| 24:03 | Crear | Camel Scout |
| 24:04 | Crear | Camel Scout |
| 24:27 | Construir | Town Center |
| 24:32 | Construir | Farm |
| 24:36 | Construir | Farm |
| 24:40 | Construir | Farm |
Build order — sandyktscss
Primeras 150 de 388 acciones detectadas
| 0:00 | Crear | Villager (Male) |
| 0:01 | Crear | Villager (Male) |
| 0:01 | Crear | Villager (Male) |
| 0:02 | Construir | House |
| 0:04 | Construir | House |
| 0:13 | Crear | Villager (Male) |
| 0:13 | Crear | Villager (Male) |
| 1:25 | Crear | Villager (Male) |
| 1:25 | Crear | Villager (Male) |
| 2:01 | Crear | Villager (Male) |
| 2:16 | Crear | Villager (Male) |
| 2:17 | Crear | Villager (Male) |
| 2:54 | Crear | Villager (Male) |
| 2:55 | Crear | Villager (Male) |
| 2:55 | Crear | Villager (Male) |
| 3:14 | Construir | House |
| 3:24 | Construir | Lumber Camp |
| 3:42 | Crear | Villager (Male) |
| 3:42 | Crear | Villager (Male) |
| 3:42 | Crear | Villager (Male) |
| 3:43 | Crear | Villager (Male) |
| 3:53 | Crear | Villager (Male) |
| 3:54 | Crear | Villager (Male) |
| 4:46 | Crear | Villager (Male) |
| 4:46 | Investigar | Loom |
| 5:32 | Construir | Mill |
| 6:16 | Investigar | Feudal Age |
| 6:16 | Investigar | Feudal Age |
| 7:25 | Construir | Barracks |
| 7:36 | Construir | House |
| 7:42 | Crear | Villager (Male) |
| 7:42 | Crear | Villager (Male) |
| 7:42 | Crear | Villager (Male) |
| 8:26 | Edad | Edad Feudal |
| 8:28 | Construir | Stable |
| 8:35 | Investigar | Double-Bit Axe |
| 8:35 | Investigar | Double-Bit Axe |
| 9:10 | Construir | House |
| 9:18 | Crear | Scout Cavalry |
| 9:18 | Crear | Scout Cavalry |
| 9:26 | Construir | Mill |
| 9:33 | Crear | Villager (Male) |
| 9:38 | Construir | House |
| 9:44 | Construir | House |
| 9:59 | Crear | Villager (Male) |
| 10:16 | Construir | House |
| 10:18 | Construir | Palisade Wall |
| 10:29 | Crear | Spearman |
| 10:35 | Crear | Villager (Male) |
| 10:39 | Construir | Palisade Wall |
| 10:52 | Crear | Villager (Male) |
| 10:52 | Crear | Villager (Male) |
| 11:15 | Crear | Villager (Male) |
| 11:17 | Construir | Farm |
| 11:19 | Construir | Farm |
| 11:21 | Construir | Farm |
| 11:27 | Crear | Villager (Male) |
| 11:27 | Crear | Villager (Male) |
| 11:47 | Construir | House |
| 11:52 | Crear | Villager (Male) |
| 11:53 | Construir | Farm |
| 12:01 | Construir | Palisade Wall |
| 12:10 | Construir | Farm |
| 12:18 | Investigar | Horse Collar |
| 12:18 | Investigar | Horse Collar |
| 12:28 | Crear | Villager (Male) |
| 12:38 | Construir | Lumber Camp |
| 12:48 | Construir | Palisade Wall |
| 12:53 | Construir | Farm |
| 12:54 | Crear | Villager (Male) |
| 13:11 | Construir | Farm |
| 13:16 | Crear | Villager (Male) |
| 13:31 | Construir | Farm |
| 13:33 | Crear | Villager (Male) |
| 13:49 | Construir | House |
| 13:56 | Construir | Farm |
| 13:59 | Crear | Villager (Male) |
| 14:25 | Construir | Farm |
| 14:28 | Construir | Farm |
| 14:31 | Construir | Mining Camp |
| 14:44 | Construir | Farm |
| 14:44 | Construir | Farm |
| 14:47 | Crear | Villager (Male) |
| 14:47 | Crear | Villager (Male) |
| 15:08 | Construir | Farm |
| 15:18 | Crear | Villager (Male) |
| 15:37 | Construir | Farm |
| 15:42 | Investigar | Wheelbarrow |
| 16:19 | Construir | Farm |
| 16:23 | Construir | Farm |
| 16:32 | Construir | Farm |
| 17:15 | Construir | Blacksmith |
| 17:25 | Crear | Villager (Male) |
| 17:25 | Crear | Villager (Male) |
| 17:40 | Construir | Market |
| 17:40 | Investigar | Castle Age |
| 17:41 | Investigar | Castle Age |
| 18:07 | Investigar | Gold Mining |
| 18:08 | Investigar | Gold Mining |
| 18:15 | Construir | House |
| 18:24 | Construir | House |
| 18:28 | Construir | House |
| 18:45 | Investigar | Bloodlines |
| 18:45 | Investigar | Bloodlines |
| 19:00 | Construir | Stable |
| 19:13 | Construir | House |
| 19:17 | Construir | House |
| 19:31 | Crear | Scout Cavalry ×5 |
| 19:38 | Construir | House |
| 19:59 | Crear | Scout Cavalry ×5 |
| 20:12 | Investigar | Scale Barding Armor |
| 20:12 | Investigar | Scale Barding Armor |
| 20:23 | Construir | Lumber Camp |
| 20:30 | Edad | Edad de los Castillos |
| 20:38 | Investigar | Light Cavalry (upgrade) |
| 20:38 | Investigar | Light Cavalry (upgrade) |
| 20:59 | Crear | Villager (Male) |
| 20:59 | Crear | Villager (Male) |
| 20:59 | Crear | Villager (Male) |
| 21:14 | Investigar | Husbandry |
| 21:15 | Investigar | Husbandry |
| 21:48 | Crear | Villager (Male) |
| 21:48 | Crear | Villager (Male) |
| 21:51 | Construir | Town Center |
| 22:11 | Investigar | Bow Saw |
| 22:11 | Investigar | Bow Saw |
| 22:11 | Investigar | Bow Saw |
| 22:26 | Construir | House |
| 22:28 | Construir | House |
| 22:36 | Construir | Palisade Wall |
| 22:43 | Crear | Villager (Male) |
| 22:43 | Crear | Villager (Male) |
| 22:43 | Crear | Villager (Male) |
| 23:00 | Crear | Villager (Male) |
| 23:00 | Crear | Villager (Male) |
| 23:16 | Crear | Villager (Male) |
| 23:18 | Crear | Villager (Male) |
| 23:24 | Construir | Monastery |
| 23:33 | Crear | Villager (Male) |
| 23:33 | Crear | Villager (Male) |
| 23:35 | Construir | Farm |
| 23:35 | Construir | Farm |
| 23:35 | Construir | Farm |
| 23:35 | Construir | Farm |
| 23:43 | Construir | Town Center |
| 23:53 | Crear | Spearman |
| 23:53 | Crear | Spearman |
| 23:53 | Crear | Spearman |
| 23:58 | Construir | House |
| 24:01 | Construir | House |
Cronología de la partida
| 7:25 | sandyktscss · first_building Barracks |
| 7:36 | banditbird · first_building Barracks |
| 8:26 | banditbird · age_up feudal |
| 8:26 | sandyktscss · age_up feudal |
| 8:28 | sandyktscss · first_building Stable |
| 8:38 | banditbird · first_building Stable |
| 10:18 | sandyktscss · wall_segment Palisade Wall x8 |
| 10:39 | sandyktscss · wall_segment Palisade Wall x9 |
| 10:59 | banditbird · first_building Archery Range |
| 11:17 | banditbird · wall_segment Palisade Wall x9 |
| 11:38 | banditbird · wall_segment Palisade Wall x9 |
| 11:58 | banditbird · wall_segment Palisade Wall x5 |
| 12:01 | sandyktscss · wall_segment Palisade Wall x9 |
| 12:48 | sandyktscss · wall_segment Palisade Wall x3 |
| 13:26 | banditbird · wall_segment Palisade Wall x8 |
| 13:34 | banditbird · wall_segment Palisade Wall x2 |
| 15:26 | banditbird · wall_segment Palisade Wall x1 |
| 15:27 | banditbird · wall_segment Palisade Wall x1 |
| 20:30 | sandyktscss · age_up castle |
| 21:31 | banditbird · age_up castle |
| 21:49 | banditbird · first_building Monastery |
| 21:57 | banditbird · wall_segment Palisade Wall x1 |
| 22:36 | sandyktscss · wall_segment Palisade Wall x1 |
| 23:24 | sandyktscss · first_building Monastery |
| 24:00 | banditbird · first_building Siege Workshop |
| 25:43 | sandyktscss · first_building Siege Workshop |
| 37:52 | banditbird · first_building Castle |
| 38:40 | sandyktscss · first_building Castle |
| 42:48 | banditbird · age_up imperial |
| 43:01 | sandyktscss · resign |
[ ANÁLISIS IA · 1 CRÉDITO ]
¿Qué pasó realmente en esta partida?
Wolo.gg analiza cada decisión: build order, eco, micro, errores típicos por bracket. Análisis personalizado por WhatsApp o Discord en 30 segundos.
Guía civ
Indostaníes
Perfil
banditbird